 Dungeon Crawl Stone Soup version 0.27-a0-277-g024f7ef292 (webtiles) character file.

Game seed: 17369175233030672337

125 Nattfarinn the Sneak (level 5, -2/28 HPs)
             Began as a Kobold Enchanter on Feb 7, 2021.
             Slain by Grinder (3 damage)
             ... on level 4 of the Dungeon.
             The game lasted 00:05:08 (3531 turns).

Nattfarinn the Sneak (Kobold Enchanter)             Turns: 3531, Time: 00:05:08

Health: -2/28      AC:  2    Str:  6    XL:     5   Next: 30%
Magic:  7/9        EV: 15    Int: 17    God:
Gold:   159        SH:  0    Dex: 15    Spells: 4/10 levels left

rFire    . . .     SeeInvis .   a - +1 dagger
rCold    . . .     Faith    .   (shield restricted)
rNeg     . . .     Spirit   .   b - +0 robe
rPois    .         Reflect  .   (no helmet)
rElec    .         Harm     .   (no cloak)
rCorr    .         Rampage  .   (no gloves)
Will     .....                  (no boots)
Stlth    ++++......             (no amulet)
HPRegen  0.09/turn              (no ring)
MPRegen  0.11/turn              (no ring)

@: no status effects
A: small, nightstalker 3
a: no special abilities


You were on level 4 of the Dungeon.
You visited 1 branch of the dungeon, and saw 4 of its levels.

You collected 159 gold pieces.

Inventory:

Hand Weapons
 a - a +1 dagger (weapon)
Armour
 b - a +0 robe (worn)
Scrolls
 d - 4 scrolls of teleportation {unknown}
 f - 2 scrolls of identify {unknown}
 g - a scroll of magic mapping {unknown}
 h - 2 scrolls of fog {unknown}
 i - a scroll of enchant weapon {unknown}
 j - a scroll of fear {unknown}
Potions
 c - a potion of degeneration {unknown}
 e - 3 potions of ambrosia {unknown}
 k - 2 potions of attraction {unknown}
 l - a potion of cancellation {unknown}
 m - a potion of haste {unknown}


   Skills:
 - Level 1.3 Short Blades
 - Level 2.4 Dodging
 * Level 5.8 Stealth
 + Level 3.0 Spellcasting
 * Level 4.2 Hexes


You had 4 spell levels left.
You knew the following spells:

 Your Spells              Type           Power        Failure   Level
a - Corona                Hex            18%          3%          1
b - Ensorcelled Hibernat  Hex/Ice        18%          11%         2
c - Confusing Touch       Hex            17%          9%          3

Your spell library contained the following spells:

 Spells                   Type           Power        Failure   Level
 Tukima's Dance           Hex            17%          9%          3
 Dazzling Flash           Conj/Hex       18%          22%         3


Dungeon Overview and Level Annotations

Branches:
Dungeon (4/15)
 Temple: D:4-7

Altars:

Annotations:
D:4 Grinder


Innate Abilities, Weirdness & Mutations

You are small and have problems with some larger weapons.
You are completely attuned to the shadows.


Message History

Grinder hits you!
* * * LOW HITPOINT WARNING * * *
You writhe in agony.
* * * LOW HITPOINT WARNING * * *
You hit Grinder.
Grinder is heavily wounded.
You catch the helpless Grinder completely off-guard!
You puncture Grinder!
Grinder is almost dead.
Grinder misses you.
You barely miss Grinder.
Grinder is almost dead.
You barely miss Grinder.
Grinder is almost dead.
You completely miss Grinder.
Grinder is almost dead.
Grinder seems less confused.
Grinder hits you.
* * * LOW HITPOINT WARNING * * *
You writhe in agony.
You die...

####.#####
#<# #.#
#.# ####.#
...#.##
#.)..##
#....5###
##..@....
##.#####
#># #.# #+


You could see Grinder.

Vanquished Creatures
  7 adders
  An ooze (D:1)
  3 worms
  2 leopard geckos
  5 giant cockroaches
  5 goblins
  4 hobgoblins
  3 quokkas
  A ball python (D:2)
  4 bats
  4 frilled lizards
  5 kobolds
  5 rats
49 creatures vanquished.

Notes
Turn   | Place    | Note
-------+----------+-------------------------------------------
     0 | D:1      | Nattfarinn the Kobold Enchanter began the quest for the
                  | Orb.
     0 | D:1      | Reached XP level 1. HP: 10/10 MP: 3/3
   539 | D:1      | Reached XP level 2. HP: 15/15 MP: 5/5
  1477 | D:2      | Learned a level 2 spell: Ensorcelled Hibernation
  1634 | D:2      | Reached XP level 3. HP: 19/19 MP: 3/6
  1666 | D:2      | Learned a level 3 spell: Confusing Touch
  1743 | D:2      | Reached skill level 5 in Stealth
  2157 | D:2      | Reached XP level 4. HP: 23/24 MP: 1/7
  3247 | D:3      | Reached XP level 5. HP: 28/28 MP: 6/9
  3514 | D:4      | Noticed Grinder
  3531 | D:4      | HP: 1/28 [Grinder (2)]
  3531 | D:4      | Slain by Grinder

Illustrated notes

Levels and vault maps discovered:
D:1:      giann_horns, layout_basic
D:2:      layout_loops_corners, hangedman_decor_points
D:3:      layout_rooms
D:4:      layout_loops_corners, cheibriados_altar_2,
          lemuel_coloured_pillars_altar, minmay_stone_trees_small,
          sigmund_edmund_badplayer, uniq_grinder

Skill      XL: |  1  2  3  4  5 |
---------------+----------------+-----
Stealth        | 5 |  5.8
Hexes          | 4 |  4.2
Spellcasting   | 3 |  3.0
Short Blades   | |  1.3
Dodging        | |  2.4

Action                   |  1- 3 |  4- 6 || total
-------------------------+-------+-------++-------
Melee: Dagger            |    52 |    45 ||    97
 Cast: Corona            |     1 |       ||     1
       Ensorcelled Hiber |     5 |    14 ||    19
       Confusing Touch   |       |     1 ||     1
  Use: Potion            |     1 |       ||     1
 Stab: Sleeping          |    18 |    23 ||    41
       Confused          |       |     2 ||     2
Armor: Robe              |       |     6 ||     6
Dodge: Dodged            |    25 |    31 ||    56

Table legend: (Time is in decaauts)
 A = Elapsed time spent in this place.
 B = Non-inter-level travel time spent in this place.
 C = Inter-level travel time spent in this place.
 D = Time resting spent in this place.
 E = Time spent auto-exploring this place.
 F = Levels seen in this place.
 G = Mean time per level.
                   A        B        C        D        E       F      G
               +--------+--------+--------+--------+--------+-----+--------+
         Total |   3524 |   3452 |     72 |    573 |   2539 |   4 |  881.0 |
       Dungeon |   3524 |   3452 |     72 |    573 |   2539 |   4 |  881.0 |
               +--------+--------+--------+--------+--------+-----+--------+

Top non-repeatable levels by time:
     D:1: 1470 daAuts
     D:2: 1147 daAuts
     D:3: 834 daAuts
     D:4: 71 daAuts
